 Dungeon Crawl Stone Soup version 0.29-a0-214-g17f627cfee (webtiles) character file.

Game seed: 2289643705052612950

163 drugrobin the Covered (level 5, -1/45 HPs)
             Began as a Demigod Fighter on Feb 24, 2022.
             Slain by an orc
             ... wielding a +0 morningstar
              (6 damage)
             ... on level 4 of the Dungeon.
             The game lasted 00:08:48 (4115 turns).

drugrobin the Covered (Demigod Fighter)             Turns: 4115, Time: 00:08:49

Health: -1/45      AC:  6    Str: 21    XL:     5   Next: 0%
Magic:  7/7        EV:  9    Int: 16    God:
Gold:   212        SH:  5    Dex: 18    Spells: 4/4 levels left

rFire   + . .      SeeInvis .   c - +1 dagger (elec)
rCold   . . .      Faith    .   j - +0 buckler
rNeg    . . .      Spirit   .   b - +0 scale mail
rPois   .          Reflect  .   (no helmet)
rElec   .          Harm     .   (no cloak)
rCorr   .          Rampage  .   (no gloves)
Will    .....                   (no boots)
Stlth   ..........              (no amulet)
HPRegen 0.15/turn               o - ring "Osaisohe" {rF+ Will- Dex+5}
MPRegen 0.10/turn               w - +6 ring of intelligence

@: no status effects
A: high MP 1, forlorn, divine attributes
a: no special abilities


You were on level 4 of the Dungeon.
You visited 1 branch of the dungeon, and saw 4 of its levels.

You collected 212 gold pieces.

Inventory:

Hand Weapons
 a - a +0 long sword
 c - a +1 dagger of electrocution (weapon)
 x - a +0 hunting sling
 A - a +1 dagger of holy wrath
Missiles
 h - 3 boomerangs of dispersal (quivered)
 m - 68 stones
 t - a throwing net
 z - 4 poisoned darts
Armour
 b - a +0 scale mail (worn)
 j - a +0 buckler (worn)
 v - a +0 pair of boots
Jewellery
 o - the ring "Osaisohe" (left hand) {rF+ Will- Dex+5}
   (You found it on level 2 of the Dungeon)

   [ring of protection from fire]

   Dex:       It affects your dexterity (+5).
   rF:        It protects you from fire.
   Will:      It decreases your willpower.
 u - a ring of flight
 w - a +6 ring of intelligence (right hand)
Wands
 q - a wand of iceblast (9)
 s - a wand of charming (10)
Scrolls
 f - 6 scrolls of identify {unknown}
 l - a scroll of fog {unknown}
 n - a scroll of blinking {unknown}
 y - a scroll of summoning {unknown}
 B - 2 scrolls of teleportation {unknown}
Potions
 d - a potion of might
 e - a potion of curing
 g - 2 potions of flight {unknown}
 i - 2 potions of haste {unknown}
 k - 2 potions of magic {unknown}
 p - 2 potions of mutation {unknown}
 r - a potion of heal wounds {unknown}
 C - a potion of invisibility {unknown}


   Skills:
 + Level 3.5 Fighting
 + Level 2.9 Long Blades
 + Level 3.5 Armour
 + Level 3.5 Shields


You had 4 spell levels left.
You didn't know any spells.
Your spell library contained the following spells:

 Spells                   Type           Power      Damage    Failure   Level
 Sting                    Tmut/Pois      0%         1d3       65%         1
 Ignite Poison            Fire/Tmut/Pois 0%         N/A       95%         3
 Mephitic Cloud           Conj/Pois/Air  0%         N/A       95%         3


Dungeon Overview and Level Annotations

Branches:
Dungeon (4/15)
 Temple: D:4-7

Shops:
D:1 :   D:2 :

Annotations:
D:4 Grinder


Innate Abilities, Weirdness & Mutations

You have an increased reservoir of magic. (+10% MP)
You shall have no god before yourself.
Your divine heritage dramatically boosts your attributes as you level up.


Message History

You block the orc's attack.
You hit the orc.
You kill the orc!
The orc hits you with a +0 morningstar.
* * * LOW HITPOINT WARNING * * *
The orc hits you but does no damage.
You have reached level 5!
You see here a gold piece.
Unknown command.
Unknown command.
Unknown command.
The orc misses you.
You see here a gold piece.
Unknown command.
Unknown command.
You closely miss the orc. You block the orc's attack.
The orc hits you with a +0 flail.
* * * LOW HITPOINT WARNING * * *
The orc barely misses you.
Unknown command.
Unknown command.
It was a potion of curing.
You feel better. You block the orc's attack. The orc closely misses you.
The orc barely misses you.
You hit the orc but do no damage. The orc hits you but does no damage. x2
You block the orc's attack. The orc hits you with a +0 flail.
* * * LOW HITPOINT WARNING * * *
You block the orc's attack.
Unknown command.
Unknown command.
Unknown command.
Press: ? - help, v - describe, . - travel
Here: an orc, wielding a +0 flail and wearing a +0 ring mail The floor.
Unknown command.
Unknown command.
You closely miss the orc. The orc hits you with a +0 flail.
* * * LOW HITPOINT WARNING * * *
The orc hits you but does no damage. The orc hits you with a +0 morningstar.
You die...

##...........#
#............
##.......#...
##..........##
##............#
###...........#
##............#
##.........##o## ##
##..........#@o)#
.###...........#$o$#
#...##.........#8_8#.#
#....#.........#####.#
#.....#..............#
.#....#..............#
###...#......).......#
#.###.#.............#
#...##.............#


You could see 3 orcs.

Vanquished Creatures
  An orc priest (D:3)
  4 adders
  A worm (D:4)
  A dart slug (D:2)
  11 orcs
  6 bats
  An endoplasm (D:2)
  12 goblins
  12 hobgoblins
  7 jackals (D:1)
  A quokka (D:2)
  7 ball pythons
  3 frilled lizards
  4 kobolds
  8 rats
79 creatures vanquished.

Notes
Turn   | Place    | Note
-------+----------+-------------------------------------------
     0 | D:1      | drugrobin the Demigod Fighter began the quest for the Orb.
     0 | D:1      | Reached XP level 1. HP: 18/18 MP: 3/3
   126 | D:1      | Reached XP level 2. HP: 8/25 MP: 4/4
   946 | D:1      | Found Jeluumn's Book Shop.
  1451 | D:2      | Reached XP level 3. HP: 16/31 MP: 5/5
  1925 | D:2      | Identified the ring "Osaisohe" {rF+ Will- Dex+5}
  1957 | D:2      | Got Yguemaib's Papyrus of Contamination
  2001 | D:2      | Identified the +4 spear of Strategic Superiority {holy,
                  | Dex+4}
  2193 | D:2      | Found Egaem's Book Boutique.
  2300 | D:3      | Reached XP level 4. HP: 35/38 MP: 6/6
  3434 | D:4      | Noticed Grinder
  4109 | D:4      | Reached XP level 5. HP: 10/45 MP: 7/7
  4115 | D:4      | Slain by an orc

Illustrated notes

Levels and vault maps discovered:
D:1:      onia_arrival_pentagram, layout_basic, serial_shops,
          nicolae_shop_hallway_stairs
D:2:      layout_loops_ring, serial_shops, nicolae_shop_behind_doors
D:3:      layout_basic
D:4:      nicolae_BIG_FREAKIN_CUBE, layout_cave_pods,
          mainiacjoe_overflow_brackets, grunt_gozag_breadcrumbs,
          hangedman_decor_points, uniq_grinder

Skill      XL: |  1  2 |
---------------+-------+-----
Long Blades    | 2 |  2.9
Armour         | 3 |  3.5
Fighting       | 3 |  3.5
Shields        | 3 |  3.5

Action                   |  1- 3 |  4- 6 || total
-------------------------+-------+-------++-------
Melee: Long sword        |   104 |       ||   104
       Dagger            |    52 |   114 ||   166
  Use: Potion            |       |     1 ||     1
Armor: Scale mail        |    75 |    37 ||   112
Dodge: Dodged            |    79 |    37 ||   116
Block: Buckler           |    30 |    38 ||    68

Table legend: (Time is in decaauts)
 A = Elapsed time spent in this place.
 B = Non-inter-level travel time spent in this place.
 C = Inter-level travel time spent in this place.
 D = Time resting spent in this place.
 E = Time spent auto-exploring this place.
 F = Levels seen in this place.
 G = Mean time per level.
                   A        B        C        D        E       F      G
               +--------+--------+--------+--------+--------+-----+--------+
         Total |   4151 |   3767 |    384 |   1139 |   1755 |   4 | 1037.8 |
       Dungeon |   4151 |   3767 |    384 |   1139 |   1755 |   4 | 1037.8 |
               +--------+--------+--------+--------+--------+-----+--------+

Top non-repeatable levels by time:
     D:1: 1605 daAuts
     D:3: 1167 daAuts
     D:2: 857 daAuts
     D:4: 522 daAuts
